 Dungeon Crawl Stone Soup version 0.28.0-53-g5a82cb258f (webtiles) character file.

Game seed: 3232113966170610323

2954 Kranky the Fighter (level 9, 0/68 HPs)
             Began as an Octopode Fighter on June 20, 2022.
             Was a Believer of Okawaru.
             Slain by a swamp worm (3 damage)
             ... on level 7 of the Dungeon.
             The game lasted 00:15:36 (10272 turns).

Kranky the Fighter (Octopode Fighter)              Turns: 10272, Time: 00:15:36

Health: 0/68       AC:  1    Str: 15    XL:     9   Next: 81%
Magic:  13/13      EV: 15    Int:  6    God:    Okawaru [**....]
Gold:   263        SH:  6    Dex: 16    Spells: 14/14 levels left

rFire   . . .      SeeInvis .   s - +6 trident "Ystraca" {drain, Fly Will+ rCorr Int-4}
rCold   . . .      Faith    .   b - +0 buckler
rNeg    . . .      Spirit   .   (helmet restricted)
rPois   .          Reflect  .   (no amulet)
rElec   .          Harm     .   g - ring of resist corrosion
rCorr   +          Rampage  .   (no ring)
Will    +....                   (no ring)
Stlth   +++.......              (no ring)
HPRegen 0.21/turn               (no ring)
MPRegen 0.13/turn               (no ring)
                                (no ring)
                                (no ring)

@: flying
A: almost no armour, amphibious, 8 rings, camouflage 1, gelatinous body 1,
(nimble swimmer 1), tentacles
a: Renounce Religion, Heroism


You were on level 7 of the Dungeon.
You worshipped Okawaru.
Okawaru was pleased with you.
You visited 2 branches of the dungeon, and saw 9 of its levels.
You also visited: Sewer.

You collected 518 gold pieces.
You spent 255 gold pieces at shops.

Inventory:

Hand Weapons
 a - a +0 flail
 p - a +2 whip of electrocution
 s - the +6 trident "Ystraca" (weapon) {drain, Fly Will+ rCorr Int-4}
   (You bought it in a shop on level 4 of the Dungeon)

   A truly terrible weapon, it drains the life of any living foe it strikes.
   Int:       It affects your intelligence (-4).
   Fly:       It grants you flight.
   rCorr:     It protects you from acid and corrosion.
   Will:      It increases your willpower.
Missiles
 f - 16 poisoned darts (quivered)
 B - a throwing net
Armour
 b - a +0 buckler (worn)
Jewellery
 g - a ring of resist corrosion (left tentacle)
 r - a ring of fire
 y - an amulet of faith
 D - a ring of fire
Wands
 x - a wand of polymorph (6)
 E - a wand of iceblast (5)
Scrolls
 d - 2 scrolls of enchant weapon {unknown}
 i - 2 scrolls of teleportation
 j - 7 scrolls of identify
 k - 3 scrolls of magic mapping
 l - 2 scrolls of summoning {unknown}
 m - 2 scrolls of holy word {unknown}
 n - a scroll of enchant armour {unknown}
 o - a scroll of fog {unknown}
 t - 2 scrolls of noise {unknown}
 u - 2 scrolls of blinking {unknown}
 z - 2 scrolls of fear {unknown}
 C - 3 scrolls of amnesia {unknown}
Potions
 c - 4 potions of might
 e - a potion of haste
 h - 2 potions of heal wounds
 q - a potion of degeneration
 v - a potion of mutation
 w - 2 potions of brilliance
 A - 2 potions of curing {unknown}
 F - a potion of ambrosia {unknown}


   Skills:
 + Level 9.3 Fighting
 - Level 2.0 Maces & Flails
 - Level 6.0 Dodging
 - Level 3.0 Stealth
 - Level 8.0 Shields
 * Level 3.0 Spellcasting


You had 14 spell levels left.
You didn't know any spells.
Your spell library contained the following spells:

 Spells                   Type           Power      Damage    Failure   Level
 Freeze                   Ice            0%         1d3       41%         1
 Frozen Ramparts          Ice            0%         1d2       80%         3
 Hailstorm                Conj/Ice       0%         3d3       99%         4


Dungeon Overview and Level Annotations

Branches:
Dungeon (8/15)             Temple (1/1) D:5           Sewer (visited)
   Lair: D:8-11

Altars:
Ashenzari
Cheibriados
Dithmenos
Elyvilon
Fedhas
Gozag
Hepliaklqana
Kikubaaqudgha
Makhleb
Nemelex Xobeh
Okawaru
Qazlal
Ru
Trog
Uskayaw
Vehumet
Wu Jian
Xom
Yredelemnul
Zin
The Shining One

Shops:
D:4 (:[   D:7 (


Innate Abilities, Weirdness & Mutations

You cannot wear most types of armour.
You are amphibious.
You can wear up to eight rings at the same time.
Your skin changes colour to match your surroundings (Stealth+).
Your rubbery body absorbs attacks. (AC +1, EV +1)
((You are camouflaged when in or above water. (Stealth+)))
You have tentacles for arms and can constrict up to eight enemies at once.


Message History

You constrict the orc wizard.
The orc wizard hits you with a +0 dagger.
The orc misses you. You block the orc wizard's attack.
You puncture the orc wizard! You squeeze the orc wizard.
You kill the orc wizard!
Okawaru accepts your kill. You block the orc's attack.
You barely miss the orc. Your grab misses the orc.
You block the orc's attack. x2
You hit the orc. You drain the orc.
You kill the orc!
Okawaru accepts your kill.
No target in view!
No target in view!
You start resting.
A swamp worm comes into view.
A swamp worm is nearby!
You see here a +2 whip of freezing.
The swamp worm fires a harpoon shot at you.
The harpoon shot misses you.
The swamp worm fires a harpoon shot at you.
The harpoon shot hits you!!
You are yanked forward by the harpoon shot.
You are too injured to fight recklessly!
You are too injured to fight recklessly!
You are too injured to fight recklessly!
You are too injured to fight recklessly!
You are too injured to fight recklessly!
You are too injured to fight recklessly!
You are too injured to fight recklessly!
You are too injured to fight recklessly!
You barely miss the swamp worm. You grab the swamp worm.
You squeeze the swamp worm, but do no damage.
You constrict the swamp worm. The swamp worm bites you!
* * * LOW HITPOINT WARNING * * *
You puncture the swamp worm! You squeeze the swamp worm!
The swamp worm is severely wounded.
You constrict the swamp worm. The swamp worm bites you!
* * * LOW HITPOINT WARNING * * *
The swamp worm bites you.
You die...

....##.....#.....#...............
...........#.....#...............
...........#....)#....##.....###.
...........#...)>#....##.....###.
....##.....#....)[...............
....##.....#.....#........[......
...........#.....#...............
...........#.....#...............
....##.....#....@#....####....###
....##.....#....w#....###########
.....#.....#.....#...............
.....#.....#.....#...............
....##.....#.....#...............
....##.....#.....#.....(##.......
....##.....#.....#########.......
.....'.....#.....# #......#
.....#.....'.....# ########


You could see a swamp worm.

Vanquished Creatures
  Sigmund (D:3)
  A steam dragon (D:7)
  Menkaure (D:4)
  A swamp worm (D:7)
  A water moccasin (D:6)
  A black bear (D:6)
  An ice beast (D:7)
  A hornet zombie (D:8)
  3 necrophages
  3 ogres
  2 centaurs
  A phantom (D:4)
  3 bullfrogs
  A scorpion (D:5)
  2 water moccasin skeletons
  A centaur zombie (D:7)
  A hound (D:6)
  2 centaur skeletons
  3 gnoll shamans (D:7)
  2 orc priests (D:4)
  A jelly (D:6)
  A bullfrog skeleton (D:5)
  3 iguanas
  6 orc wizards
  A killer bee zombie (D:8)
  12 gnolls
  9 adders
  2 river rats (Sewer)
  A shadow imp (D:6)
  2 white imps
  A worm (D:5)
  2 dart slugs
  27 orcs
  9 endoplasms
  7 giant cockroaches
  7 hobgoblins
  11 jackals
  6 quokkas
  19 ball pythons
  7 bats
  8 frilled lizards
  4 goblins
  4 kobolds
  17 rats
199 creatures vanquished.

Vanquished Creatures (others)
  23 fungi (D:4)
  4 plants (D:7)
27 creatures vanquished.

Grand Total: 226 creatures vanquished

Notes
Turn   | Place    | Note
-------+----------+-------------------------------------------
     0 | D:1      | Kranky the Octopode Fighter began the quest for the Orb.
     0 | D:1      | Reached XP level 1. HP: 16/16 MP: 1/1
    83 | D:1      | Reached skill level 1 in Stealth
   160 | D:1      | Reached XP level 2. HP: 21/21 MP: 2/2
   582 | D:1      | Reached XP level 3. HP: 18/26 MP: 3/3
  1308 | D:2      | Reached skill level 4 in Fighting
  1322 | D:1      | Reached XP level 4. HP: 13/33 MP: 4/4
  2485 | D:3      | Noticed Sigmund
  2570 | D:3      | Killed Sigmund
  2571 | D:3      | Reached skill level 6 in Fighting
  2571 | D:3      | Reached XP level 5. HP: 35/41 MP: 5/5
  2571 | D:3      | Reached XP level 6. HP: 39/46 MP: 6/6
  3133 | D:3      | Found a hazy altar of Hepliaklqana.
  3138 | D:3      | Found a radiant altar of Vehumet.
  3138 | D:3      | Found a bloodstained altar of Trog.
  3149 | D:3      | Found a snail-covered altar of Cheibriados.
  3152 | D:3      | Found a shimmering altar of Xom.
  3776 | D:4      | Found Xurghajatt's Antique Weapon Shoppe.
  4272 | D:4      | Found Lebeysu's Antique Armour Shop.
  4303 | D:4      | Noticed a necrophage
  4326 | D:4      | Killed a necrophage
  4327 | D:4      | Reached skill level 7 in Fighting
  4327 | D:4      | Reached XP level 7. HP: 38/54 MP: 7/7
  4792 | D:4      | Found Harr's Book Shoppe.
  5057 | D:4      | Noticed Menkaure
  5063 | D:4      | Killed Menkaure
  5583 | D:4      | Bought a crystal trident for 255 gold pieces
  5583 | D:4      | Identified the +6 trident "Ystraca" {drain, Fly Will+ rCorr
                  | Int-4} (You bought it in a shop on level 4 of the Dungeon)
  5597 | D:5      | Entered Level 5 of the Dungeon
  5705 | D:5      | Found a glowing drain.
  5719 | Sewer    | Entered a sewer
  5732 | Sewer    | Reached skill level 8 in Fighting
  5776 | Sewer    | Reached XP level 8. HP: 38/61 MP: 8/8
  6301 | D:5      | Found a sparkling altar of Nemelex Xobeh.
  6680 | D:5      | Reached skill level 5 in Dodging
  6684 | D:5      | Found a staircase to the Ecumenical Temple.
  6693 | Temple   | Entered the Ecumenical Temple
  6965 | Temple   | Became a worshipper of Warmaster Okawaru
  7355 | D:5      | Reached skill level 5 in Shields
  8113 | D:6      | Reached XP level 9. HP: 53/66 MP: 9/9
  8115 | D:6      | Reached * piety under Okawaru
  8785 | D:7      | Reached skill level 1 in Spellcasting
  8796 | D:7      | Found Feass's Weapon Emporium.
  9738 | D:8      | Reached ** piety under Okawaru
  9739 | D:8      | Reached skill level 9 in Fighting
 10272 | D:7      | HP: 3/68 [swamp worm (9)]
 10272 | D:7      | Slain by a swamp worm

Illustrated notes

Levels and vault maps discovered:
D:1:      onia_arrival_handbag, layout_basic
D:2:      layout_loops_cross
D:3:      layout_basic, minmay_overflow_temple_star_hex, minmay_misc_feat_room,
          uniq_sigmund
D:4:      layout_loops_corners, serial_shops, shop, nicolae_shop_waterfront,
          nicolae_shop_competitors_out_of_business, serial_aquarium,
          aquarium_bridge_straight [aquarium_subvault_bridge,
          aquarium_subvault_window, aquarium_subvault_bridge,
          aquarium_subvault_wall], aquarium_bridge_long_separate
          [aquarium_subvault_window, aquarium_subvault_wall,
          aquarium_subvault_bridge, aquarium_subvault_wall,
          aquarium_subvault_wall, aquarium_subvault_bridge],
          aquarium_window_fake, aquarium_window_double, aquarium_window_1,
          aquarium_view_2d, aquarium_view_2b, aquarium_balcony_5b, uniq_menkaure
D:5:      layout_gridville, nemelex_xobeh_ov_fountains_minmay,
          minmay_temple_entry_nine_rooms, portal_sewer_entry_c
D:6:      layout_basic, kennysheep_generic_room_2
D:7:      layout_gridville, serial_shops, shop, worms_lemuel
D:8:      layout_cave_pools, tgw_sif
Temple:   regret_index_temple_generic_petals

Skill      XL: |  1  2  3  4  5  6  7  8  9 |
---------------+----------------------------+-----
Stealth        | 1 2 3 |  3.0
Fighting       | 4 6 7 8 9 |  9.3
Dodging        | 4 6 |  6.0
Shields        | 7 8 |  8.0
Spellcasting   | 3 |  3.0
Maces & Flails | |  2.0

Action                   |  1- 3 |  4- 6 |  7- 9 || total
-------------------------+-------+-------+-------++-------
Melee: Flail             |    67 |    98 |    13 ||   178
       Constrict         |    12 |    22 |    47 ||    81
       Tentacles         |     7 |    20 |    38 ||    65
       Punch             |       |     2 |     2 ||     4
       Trident           |       |       |   221 ||   221
       Whip              |       |       |    18 ||    18
  Use: Scroll            |       |       |     6 ||     6
 Stab: Sleeping          |    13 |    12 |    24 ||    49
       Distracted        |       |       |     1 ||     1
Armor: Skin              |     3 |     7 |     5 ||    15
Dodge: Dodged            |    38 |    50 |   180 ||   268
Block: Buckler           |    17 |    23 |    75 ||   115
